TOP OF THE 1ST |
Winnipeg Goldeyes batting - Pitching for Chester Pirates : RHP Andres Guillen
|
Pitching: RHP Andres Guillen
|
|
Batting: RHB Sergio Gomez
|
0-0: Ball 1-0: Ball 2-0: Ball 3-0: Called Strike 3-1: Base on Balls
|
Batting: LHB Jon Ventura
|
0-0: Ball 1-0: Ball 2-0: Fielders Choice at 2nd, 6-4 (Groundball, 6, EV 91.2 MPH)
|
Batting: RHB Willie Jimenez
|
0-0: Foul Ball, location: 2F 0-1: Ball 1-1: Ball 2-1: Ball 3-1: Base on Balls Jon Ventura to second
|
Batting: RHB Tim Carter
|
0-0: Ball Jon Ventura steals 3rd base Willie Jimenez to second 1-0: Foul Ball, location: 2F 1-1: Foul Ball, location: 2F 1-2: Foul Ball, location: 2F 1-2: Ball 2-2: Ball 3-2: Foul Ball, location: 2F 3-2: Fly out, F2 (Popup, 23F, EV 89.4 MPH)
|
Batting: LHB David Ramos
|
0-0: Swinging Strike 0-1: Ball 1-1: Swinging Strike 1-2: SINGLE (Line Drive, 9LS, EV 94.4 MPH) Jon Ventura scores Willie Jimenez to third Runner from 3rd tries for Home, throw by RF and OUT! 9-2
|
Top of the 1st over - 1 run, 1 hit, 0 errors, 1 left on base; Winnipeg 1 - Chester 0 |
BOTTOM OF THE 1ST |
Chester Pirates batting - Pitching for Winnipeg Goldeyes : RHP Olegário Salsinha
|
Pitching: RHP Olegário Salsinha
|
|
Batting: RHB Rusty Trader
|
0-0: Called Strike 0-1: Foul Ball, location: 2F 0-2: Hit by Pitch
|
Batting: LHB Chad Cutler
|
0-0: Ball 1-0: Foul Ball, location: 2F 1-1: Ball 2-1: Called Strike 2-2: Foul Ball, location: 2F 2-2: Strikes out looking
|
Batting: RHB Dan Kurtz
|
0-0: Ground out 6-3 (Groundball, P, EV 81.9 MPH) Rusty Trader to second
|
Batting: RHB Jon Solis
|
0-0: Ball 1-0: Foul Ball, location: 2F 1-1: Ball 2-1: Foul Ball, location: 2F 2-2: Foul Ball, location: 2F 2-2: Strikes out swinging
|
Bottom of the 1st over - 0 runs, 0 hits, 0 errors, 1 left on base; Winnipeg 1 - Chester 0 |
TOP OF THE 2ND |
Winnipeg Goldeyes batting - Pitching for Chester Pirates : RHP Andres Guillen
|
Batting: RHB Terry Oetker
|
0-0: Called Strike 0-1: Swinging Strike 0-2: Strikes out swinging
|
Batting: SHB Ed Mosqueda
|
0-0: Foul Ball, location: 2F 0-1: Called Strike 0-2: Ball 1-2: Ball 2-2: Strikes out swinging
|
Batting: RHB Nestor Moreno
|
0-0: Ball 1-0: Hit by Pitch
|
Batting: RHB Hisao Takei
|
0-0: Ball Nestor Moreno steals 2nd base (no throw) 1-0: Foul Ball, location: 2F 1-1: Ball 2-1: Swinging Strike 2-2: Strikes out swinging
|
Top of the 2nd over - 0 runs, 0 hits, 0 errors, 1 left on base; Winnipeg 1 - Chester 0 |
BOTTOM OF THE 2ND |
Chester Pirates batting - Pitching for Winnipeg Goldeyes : RHP Olegário Salsinha
|
Batting: RHB Ricky Alvarado
|
0-0: Ball 1-0: Foul Ball, location: 2F 1-1: Ball 2-1: Ball 3-1: Base on Balls
|
Batting: LHB Kazuyoshi Ikeda
|
0-0: Ball 1-0: Called Strike 1-1: Ball 2-1: Swinging Strike 2-2: Foul Ball, location: 2F 2-2: Strikes out swinging
|
Batting: RHB Rafael Galicia
|
0-0: SINGLE (Flyball, 34D, EV 85.6 MPH) Ricky Alvarado to second
|
Batting: LHB Damien Cohen
|
0-0: Ball 1-0: Foul Ball, location: 2F 1-1: Hit by Pitch Ricky Alvarado to third Rafael Galicia to second
|
Batting: RHB Matt Derrien
|
0-0: Swinging Strike 0-1: Foul Ball, location: 2F 0-2: Foul Ball, location: 2F 0-2: Strikes out swinging
|
Batting: RHB Rusty Trader
|
0-0: Ball 1-0: Ball 2-0: Foul Ball, location: 2F 2-1: Foul Ball, location: 2F 2-2: SINGLE (Line Drive, 9S, EV 98.1 MPH) Ricky Alvarado scores Rafael Galicia to third Damien Cohen to second Runner from 3rd tries for Home, SAFE, throw by RF to home
|
Batting: LHB Chad Cutler
|
0-0: Ball 1-0: SINGLE (Line Drive, 8LS, EV 91.9 MPH) Damien Cohen to third Rusty Trader to second Runner from 3rd tries for Home, SAFE, throw by CF to home
|
Batting: RHB Dan Kurtz
|
0-0: Ball 1-0: Ball 2-0: Ball 3-0: Called Strike 3-1: Base on Balls Rusty Trader to third Chad Cutler to second
|
Batting: RHB Jon Solis
|
0-0: Ball 1-0: Called Strike 1-1: Foul Ball, location: 2F 1-2: Hit by Pitch Rusty Trader scores Chad Cutler to third Dan Kurtz to second
|
Batting: RHB Ricky Alvarado
|
0-0: Called Strike 0-1: Called Strike 0-2: Ball 1-2: Strikes out swinging
|
Bottom of the 2nd over - 4 runs, 3 hits, 0 errors, 3 left on base; Winnipeg 1 - Chester 4 |
TOP OF THE 3RD |
Winnipeg Goldeyes batting - Pitching for Chester Pirates : RHP Andres Guillen
|
Batting: RHB Sergio Gomez
|
0-0: Ball 1-0: Called Strike 1-1: Called Strike 1-2: Ball 2-2: Ball 3-2: Foul Ball, location: 2F 3-2: Base on Balls
|
Batting: LHB Jon Ventura
|
0-0: TRIPLE (Flyball, 89XD, EV 105.0 MPH) Sergio Gomez scores
|
Batting: RHB Willie Jimenez
|
0-0: Called Strike 0-1: Hit by Pitch
|
Batting: RHB Tim Carter
|
0-0: SINGLE (Line Drive, 78S, EV 102.5 MPH) Jon Ventura scores Willie Jimenez to second
|
Batting: LHB David Ramos
|
0-0: Called Strike 0-1: Ball 1-1: Ball 2-1: Ball 3-1: Swinging Strike 3-2: TRIPLE (Flyball, 9D, EV 102.5 MPH) Willie Jimenez scores Tim Carter scores
|
Batting: RHB Terry Oetker
|
0-0: SINGLE (Groundball, 6D, EV 102.5 MPH) David Ramos scores
|
Pitching: RHP Pete Griesser
|
|
Batting: SHB Ed Mosqueda
|
0-0: Ball 1-0: Called Strike 1-1: DOUBLE (Line Drive, 7LM, EV 104.4 MPH) Terry Oetker to third
|
Batting: RHB Nestor Moreno
|
0-0: Ball 1-0: Fly out, F9 (Flyball, 9, EV 89.4 MPH) Runner from 3rd tags up, SCORES, throw by RF Ed Mosqueda to third
|
Batting: RHB Hisao Takei
|
0-0: Swinging Strike 0-1: Foul Ball, location: 2F 0-2: Strikes out swinging, 2-3 out at first.
|
Batting: RHB Sergio Gomez
|
0-0: Ball 1-0: Foul Ball, location: 2F 1-1: Ball 2-1: Called Strike 2-2: Strikes out swinging
|
Top of the 3rd over - 6 runs, 5 hits, 0 errors, 1 left on base; Winnipeg 7 - Chester 4 |
BOTTOM OF THE 3RD |
Chester Pirates batting - Pitching for Winnipeg Goldeyes : RHP Olegário Salsinha
|
Batting: LHB Kazuyoshi Ikeda
|
0-0: Called Strike 0-1: Called Strike 0-2: Ball 1-2: Strikes out swinging
|
Batting: RHB Rafael Galicia
|
0-0: Foul Ball, location: 2F 0-1: Called Strike 0-2: Ball 1-2: Ball 2-2: Ball 3-2: Strikes out swinging
|
Batting: LHB Damien Cohen
|
0-0: Called Strike 0-1: Foul Ball, location: 2F 0-2: Strikes out looking
|
Bottom of the 3rd over - 0 runs, 0 hits, 0 errors, 0 left on base; Winnipeg 7 - Chester 4 |
TOP OF THE 4TH |
Winnipeg Goldeyes batting - Pitching for Chester Pirates : RHP Pete Griesser
|
Batting: LHB Jon Ventura
|
0-0: Foul Ball, location: 2F 0-1: Ball 1-1: Ball 2-1: Ball 3-1: Base on Balls
|
Batting: RHB Willie Jimenez
|
0-0: Ball 1-0: Ball 2-0: Called Strike 2-1: Foul Ball, location: 2F 2-2: Strikes out looking
|
Batting: RHB Tim Carter
|
0-0: Ball Jon Ventura steals 2nd base 1-0: Ball 2-0: Called Strike 2-1: Ball 3-1: DOUBLE (Flyball, 8RXD, EV 98.8 MPH) Jon Ventura scores
|
Batting: LHB David Ramos
|
0-0: Called Strike 0-1: Ball 1-1: Called Strike 1-2: 2-RUN HOME RUN (Flyball, 89XD, EV 109.4 MPH), Distance : 426 ft
|
Batting: RHB Terry Oetker
|
0-0: Called Strike 0-1: Ball 1-1: Foul Ball, location: 2F 1-2: Ball 2-2: Strikes out swinging
|
Batting: SHB Ed Mosqueda
|
0-0: Ball 1-0: Ball 2-0: Called Strike 2-1: Ball 3-1: Base on Balls
|
Batting: RHB Nestor Moreno
|
0-0: Foul Ball, location: 2F 0-1: Foul Ball, location: 2F 0-2: Ball 1-2: Foul Ball, location: 2F 1-2: Strikes out swinging
|
Top of the 4th over - 3 runs, 2 hits, 0 errors, 1 left on base; Winnipeg 10 - Chester 4 |
BOTTOM OF THE 4TH |
Chester Pirates batting - Pitching for Winnipeg Goldeyes : RHP Olegário Salsinha
|
Batting: RHB Matt Derrien
|
0-0: Ball 1-0: Swinging Strike 1-1: Foul Ball, location: 2F 1-2: Strikes out swinging
|
Batting: RHB Rusty Trader
|
0-0: Swinging Strike 0-1: Ball 1-1: Called Strike 1-2: Strikes out swinging
|
Batting: LHB Chad Cutler
|
0-0: Ground out 1-3 (Groundball, 15S, EV 73.1 MPH)
|
Bottom of the 4th over - 0 runs, 0 hits, 0 errors, 0 left on base; Winnipeg 10 - Chester 4 |
TOP OF THE 5TH |
Winnipeg Goldeyes batting - Pitching for Chester Pirates : RHP Pete Griesser
|
Batting: RHB Hisao Takei
|
0-0: Ball 1-0: Ball 2-0: Swinging Strike 2-1: DOUBLE (Flyball, 7LM, EV 106.9 MPH)
|
Batting: RHB Sergio Gomez
|
0-0: Reached on error, E5 (Groundball, 56S, EV 65.6 MPH) Hisao Takei to third
|
Batting: LHB Jon Ventura
|
0-0: Foul Ball, location: 2F 0-1: Ball 1-1: Ball 2-1: SINGLE (Line Drive, 89M, EV 103.8 MPH) Hisao Takei scores Sergio Gomez to second
|
Batting: RHB Willie Jimenez
|
0-0: Foul Ball, location: 2F 0-1: Foul Ball, location: 2F 0-2: Ball Wild Pitch! Sergio Gomez to third Jon Ventura to second 1-2: Ball 2-2: SINGLE (Groundball, 6MD, EV 108.8 MPH) Sergio Gomez scores Jon Ventura to third Runner from 3rd tries for Home, SAFE, throw by CF to home Willie Jimenez to second
|
Pitching: LHP Juan Hernandez
|
|
Batting: RHB Tim Carter
|
0-0: 2-RUN HOME RUN (Flyball, 7D, EV 105.6 MPH), Distance : 402 ft
|
Batting: LHB David Ramos
|
0-0: Ball 1-0: Ball 2-0: Called Strike 2-1: Swinging Strike 2-2: Strikes out looking
|
Batting: RHB Terry Oetker
|
0-0: Ball 1-0: Called Strike 1-1: Ball 2-1: Called Strike 2-2: Strikes out swinging
|
Batting: SHB Ed Mosqueda
|
0-0: Ball 1-0: Ball 2-0: Ball 3-0: Base on Balls
|
Batting: RHB Nestor Moreno
|
0-0: Ball 1-0: Ball 2-0: Ground out 1-3 (Groundball, 13S, EV 61.9 MPH)
|
Top of the 5th over - 5 runs, 4 hits, 1 error, 1 left on base; Winnipeg 15 - Chester 4 |
BOTTOM OF THE 5TH |
Chester Pirates batting - Pitching for Winnipeg Goldeyes : RHP Olegário Salsinha
|
Batting: RHB Dan Kurtz
|
0-0: Ball 1-0: Ball 2-0: Called Strike 2-1: Ball 3-1: Base on Balls
|
Batting: RHB Jon Solis
|
0-0: 2-RUN HOME RUN (Flyball, 89XD, EV 110.6 MPH), Distance : 436 ft
|
Batting: RHB Ricky Alvarado
|
0-0: Swinging Strike 0-1: SINGLE (Line Drive, 89S, EV 104.4 MPH)
|
Batting: LHB Kazuyoshi Ikeda
|
0-0: Called Strike 0-1: Swinging Strike 0-2: Ball 1-2: Strikes out swinging
|
Batting: RHB Rafael Galicia
|
0-0: Called Strike 0-1: Foul Ball, location: 2F 0-2: Ball 1-2: 2-RUN HOME RUN (Flyball, 7D, EV 102.5 MPH), Distance : 396 ft
|
Pitching: RHP Karel Braaksma
|
|
Batting: LHB Damien Cohen
|
0-0: Ball 1-0: Foul Ball, location: 2F 1-1: Swinging Strike 1-2: Foul Ball, location: 2F 1-2: Ball 2-2: Foul Ball, location: 2F 2-2: Strikes out looking
|
Batting: RHB Matt Derrien
|
0-0: Foul Ball, location: 2F 0-1: Called Strike 0-2: Foul Ball, location: 2F 0-2: Ball 1-2: Foul Ball, location: 2F 1-2: Strikes out looking
|
Bottom of the 5th over - 4 runs, 3 hits, 0 errors, 0 left on base; Winnipeg 15 - Chester 8 |
TOP OF THE 6TH |
Winnipeg Goldeyes batting - Pitching for Chester Pirates : LHP Juan Hernandez
|
Pitching: RHP Tomas Cavazos
|
|
Batting: RHB Hisao Takei
|
0-0: Ball 1-0: Called Strike 1-1: Ball 2-1: Swinging Strike 2-2: Fly out, F8 (Flyball, 78M, EV 90.0 MPH)
|
Batting: RHB Sergio Gomez
|
0-0: Foul Ball, location: 2F 0-1: Ball 1-1: SINGLE (Line Drive, 9S, EV 106.9 MPH)
|
Batting: LHB Jon Ventura
|
0-0: Ball 1-0: Called Strike Sergio Gomez steals 2nd base 1-1: 2-RUN HOME RUN (Line Drive, 9D, EV 98.1 MPH), Distance : 391 ft
|
Batting: RHB Willie Jimenez
|
0-0: Ball 1-0: SOLO HOME RUN (Flyball, 7D, EV 100.6 MPH), Distance : 395 ft
|
Batting: RHB Tim Carter
|
0-0: Ball 1-0: Ball 2-0: SOLO HOME RUN (Flyball, 78XD, EV 115.0 MPH), Distance : 423 ft
|
Pitching: RHP Bill Gomez
|
|
Batting: LHB David Ramos
|
0-0: Called Strike 0-1: Ball 1-1: Ball 2-1: Foul Ball, location: 2F 2-2: Ball 3-2: Base on Balls
|
Batting: RHB Terry Oetker
|
0-0: Ground out 6-3 (Groundball, 56D, EV 101.9 MPH) David Ramos to second
|
Batting: SHB Ed Mosqueda
|
0-0: Ball 1-0: Ball 2-0: Called Strike 2-1: Swinging Strike 2-2: Fly out, F8 (Flyball, 8RXD, EV 91.9 MPH)
|
Top of the 6th over - 4 runs, 4 hits, 0 errors, 1 left on base; Winnipeg 19 - Chester 8 |
BOTTOM OF THE 6TH |
Chester Pirates batting - Pitching for Winnipeg Goldeyes : RHP Karel Braaksma
|
Batting: RHB Rusty Trader
|
0-0: Foul Ball, location: 2F 0-1: Swinging Strike 0-2: Ball 1-2: Foul Ball, location: 2F 1-2: Fly out, F9 (Flyball, 89S, EV 87.5 MPH)
|
Batting: LHB Chad Cutler
|
0-0: Swinging Strike 0-1: Swinging Strike 0-2: Strikes out swinging
|
Batting: RHB Dan Kurtz
|
0-0: Ball 1-0: Foul Ball, location: 2F 1-1: Foul Ball, location: 2F 1-2: Foul Ball, location: 2F 1-2: Foul Ball, location: 2F 1-2: Foul Ball, location: 2F 1-2: Foul Ball, location: 2F 1-2: Ground out 4-3 (Groundball, 4, EV 86.9 MPH)
|
Bottom of the 6th over - 0 runs, 0 hits, 0 errors, 0 left on base; Winnipeg 19 - Chester 8 |
TOP OF THE 7TH |
Winnipeg Goldeyes batting - Pitching for Chester Pirates : RHP Bill Gomez
|
Pinch Hitting: LHB Dave Bertheau
|
0-0: SOLO HOME RUN (Flyball, 89XD, EV 101.2 MPH), Distance : 417 ft
|
Batting: RHB Hisao Takei
|
0-0: Ball 1-0: Ball 2-0: Ball 3-0: Base on Balls
|
Pinch Hitting: RHB Itocravo Arrochela
|
0-0: Ball 1-0: Called Strike 1-1: SINGLE (Groundball, 6S, EV 65.6 MPH) (infield hit) Hisao Takei to second
|
Pitching: LHP Angel Juarez
|
|
Batting: LHB Jon Ventura
|
0-0: Ball 1-0: Called Strike 1-1: Ball 2-1: Foul Ball, location: 2F 2-2: Foul Ball, location: 2F 2-2: Ball 3-2: Base on Balls Hisao Takei to third Itocravo Arrochela to second
|
Pinch Hitting: LHB George Roben
|
0-0: Ball 1-0: Ball 2-0: Ball 3-0: Base on Balls Hisao Takei scores Itocravo Arrochela to third Jon Ventura to second
|
Batting: RHB Tim Carter
|
0-0: Ball 1-0: Called Strike 1-1: Ball 2-1: Called Strike 2-2: Ball 3-2: Foul Ball, location: 2F 3-2: Base on Balls Itocravo Arrochela scores Jon Ventura to third George Roben to second
|
Pitching: RHP Mike Wilkinson
|
|
Batting: LHB David Ramos
|
0-0: Ball 1-0: Called Strike 1-1: Ball 2-1: Ball 3-1: Foul Ball, location: 2F 3-2: Base on Balls Jon Ventura scores George Roben to third Tim Carter to second
|
Batting: RHB Terry Oetker
|
0-0: Ball 1-0: Grounds into double play, 6-4-3 (Groundball, 6, EV 93.1 MPH) George Roben scores Tim Carter to third
|
Batting: SHB Ed Mosqueda
|
0-0: Called Strike 0-1: Ball 1-1: Foul Ball, location: 2F 1-2: Foul Ball, location: 2F 1-2: Ball 2-2: Ball 3-2: TRIPLE (Flyball, 78XD, EV 107.5 MPH) Tim Carter scores
|
Batting: LHB Dave Bertheau
|
0-0: Called Strike 0-1: Ball 1-1: Ball 2-1: Ball 3-1: Foul Ball, location: 2F 3-2: Base on Balls
|
Batting: RHB Hisao Takei
|
0-0: Foul Ball, location: 2F 0-1: Foul Ball, location: 2F 0-2: Strikes out swinging
|
Top of the 7th over - 6 runs, 3 hits, 0 errors, 2 left on base; Winnipeg 25 - Chester 8 |
BOTTOM OF THE 7TH |
Chester Pirates batting - Pitching for Winnipeg Goldeyes : RHP Karel Braaksma
|
Pitching: RHP Chi-young Chuko
|
|
Now at SS: Itocravo Arrochela
|
|
Now in LF: Dave Bertheau
|
|
Now in CF: Jose Hilario
|
|
Batting: RHB Jon Solis
|
0-0: Ball 1-0: Called Strike 1-1: Called Strike 1-2: Strikes out looking
|
Batting: RHB Ricky Alvarado
|
0-0: Ball 1-0: Swinging Strike 1-1: Foul Ball, location: 2F 1-2: Ball 2-2: Ball 3-2: Strikes out looking
|
Batting: LHB Kazuyoshi Ikeda
|
0-0: Fly out, F8 (Flyball, 8LM, EV 95.0 MPH)
|
Bottom of the 7th over - 0 runs, 0 hits, 0 errors, 0 left on base; Winnipeg 25 - Chester 8 |
TOP OF THE 8TH |
Winnipeg Goldeyes batting - Pitching for Chester Pirates : RHP Mike Wilkinson
|
Batting: RHB Itocravo Arrochela
|
0-0: Called Strike 0-1: Ball 1-1: Called Strike 1-2: Ball 2-2: Foul Ball, location: 2F 2-2: SINGLE (Groundball, 56D, EV 108.8 MPH)
|
Batting: LHB Jon Ventura
|
0-0: Ball 1-0: Ball 2-0: Ball 3-0: Base on Balls Itocravo Arrochela to second
|
Batting: LHB Jose Hilario
|
0-0: Called Strike 0-1: Swinging Strike 0-2: Strikes out looking
|
Pinch Hitting: LHB Ryuuichi Shintani
|
0-0: Ball 1-0: Called Strike 1-1: SINGLE (Flyball, 5D, EV 95.6 MPH) Itocravo Arrochela to third Jon Ventura to second
|
Batting: LHB David Ramos
|
0-0: Called Strike 0-1: Ball 1-1: Ball 2-1: Foul Ball, location: 2F 2-2: Foul Ball, location: 2F 2-2: Ball 3-2: Strikes out looking
|
Batting: RHB Terry Oetker
|
0-0: Reached on error, E4 (Groundball, 4, EV 95.0 MPH) Itocravo Arrochela scores Jon Ventura to third Ryuuichi Shintani to second
|
Batting: SHB Ed Mosqueda
|
0-0: Fly out, F7 (Flyball, 78S, EV 79.4 MPH)
|
Top of the 8th over - 1 run, 2 hits, 1 error, 3 left on base; Winnipeg 26 - Chester 8 |
BOTTOM OF THE 8TH |
Chester Pirates batting - Pitching for Winnipeg Goldeyes : RHP Chi-young Chuko
|
Now at 2B: Itocravo Arrochela
|
|
Now at SS: Ryuuichi Shintani
|
|
Batting: RHB Rafael Galicia
|
0-0: Ground out 6-3 (Groundball, 56, EV 80.0 MPH)
|
Batting: LHB Damien Cohen
|
0-0: Called Strike 0-1: Called Strike 0-2: Strikes out looking
|
Batting: RHB Matt Derrien
|
0-0: Called Strike 0-1: Ball 1-1: Ball 2-1: Called Strike 2-2: Foul Ball, location: 2F 2-2: Fly out, F8 (Flyball, 8RD, EV 99.4 MPH)
|
Bottom of the 8th over - 0 runs, 0 hits, 0 errors, 0 left on base; Winnipeg 26 - Chester 8 |
TOP OF THE 9TH |
Winnipeg Goldeyes batting - Pitching for Chester Pirates : RHP Mike Wilkinson
|
Batting: LHB Dave Bertheau
|
0-0: Swinging Strike 0-1: Ball 1-1: Called Strike 1-2: Strikes out swinging
|
Pitching: RHP Hector Barajas
|
|
Pinch Hitting: LHB Shaun Price
|
0-0: Ball 1-0: Ball 2-0: SOLO HOME RUN (Flyball, 9LD, EV 97.5 MPH), Distance : 351 ft
|
Batting: RHB Itocravo Arrochela
|
0-0: Ball 1-0: Ball 2-0: Ball 3-0: Base on Balls
|
Batting: LHB Jon Ventura
|
0-0: Called Strike 0-1: Foul Ball, location: 2F 0-2: Ball 1-2: Strikes out swinging
|
Batting: LHB Jose Hilario
|
0-0: Ball 1-0: Called Strike 1-1: Called Strike 1-2: Reached on error, E6 (Groundball, 4M, EV 101.9 MPH) Itocravo Arrochela to second
|
Batting: LHB Ryuuichi Shintani
|
0-0: Called Strike 0-1: Ball 1-1: Swinging Strike 1-2: Foul Ball, location: 2F 1-2: SINGLE (Groundball, P, EV 95.0 MPH) Itocravo Arrochela to third Jose Hilario to second Runner from 3rd tries for Home, throw by CF and OUT! 8-2
|
Top of the 9th over - 1 run, 2 hits, 1 error, 2 left on base; Winnipeg 27 - Chester 8 |
BOTTOM OF THE 9TH |
Chester Pirates batting - Pitching for Winnipeg Goldeyes : RHP Chi-young Chuko
|
Now at C: Ratko Macura
|
|
Batting: RHB Rusty Trader
|
0-0: Called Strike 0-1: Swinging Strike 0-2: Strikes out looking
|
Batting: LHB Chad Cutler
|
0-0: Called Strike 0-1: Foul Ball, location: 2F 0-2: Ball 1-2: Strikes out looking
|
Batting: RHB Dan Kurtz
|
0-0: Swinging Strike 0-1: Ball 1-1: SOLO HOME RUN (Flyball, 9LD, EV 92.5 MPH), Distance : 349 ft
|
Batting: RHB Jon Solis
|
0-0: Ball 1-0: Ball 2-0: Ball 3-0: Called Strike 3-1: Base on Balls
|
Batting: RHB Ricky Alvarado
|
0-0: Called Strike 0-1: Ground out 4-3 (Groundball, 4, EV 88.1 MPH)
|
Bottom of the 9th over - 1 run, 1 hit, 0 errors, 1 left on base; Winnipeg 27 - Chester 9 |
|